 Dungeon Sprint DCSS version 0.30.1-4-g462c640d31 (webtiles) character file.

Game seed: 16884628191355808700

4982 Heoruswealwe the Ninja (level 10, -13/53 HPs)
             Began as a Spriggan Artificer on Sept 14, 2023.
             Was an Initiate of Gozag.
             Shot with an arrow by a centaur warrior (29 damage)
             ... in the Dungeon (Sprint I: "Red Sonja") on Sept 15, 2023.
             The game lasted 00:11:07 (569 turns).

Heoruswealwe the Ninja (Spriggan Artificer)          Turns: 569, Time: 00:11:07

Health: -13/53     AC:  2    Str:  8    XL:     10   Next: 29%
Magic:  11/11      EV: 30    Int: 13    God:    Gozag
Gold:   871        SH:  0    Dex: 20    Spells: 9/9 levels left

rFire   . . .        a - +2 dagger (venom)
rCold   . . .        (no shield)
rNeg    . . .        c - +0 robe
rPois   .            (helmet restricted)
rElec   .            (no cloak)
rCorr   .            (gloves unavailable)
SInv    +            (boots unavailable)
Will    +....        (no amulet)
Stlth   ++++++++++   (no ring)
HPRegen 0.28/turn    (no ring)
MPRegen 0.12/turn

%: no teleportation
@: hasted, very quick
A: very small, no large weapons, unfitting armour, see invisible, speed 3
a: Renounce Religion, Potion Petition, Call Merchant, Bribe Branch


You were in the Dungeon.
You worshipped Gozag.
Gozag was pleased with you.
You visited 1 branch You collected 904 gold pieces.
You donated 33 gold pieces to Zin.

Inventory:

Hand Weapons
 a - a +2 dagger of venom (weapon)
Armour
 c - a +0 robe (worn)
Wands
 b - a wand of flame (54) (quivered)
 d - a wand of charming (25)
Scrolls
 e - a scroll of identify {unknown}
 i - a scroll of enchant weapon {unknown}
 k - a scroll of blinking
Potions
 f - 3 potions of curing


   Skills:
 - Level 6.5 Fighting
 - Level 8.5 Short Blades
 + Level 15.2 Dodging
 O Level 27 Stealth
 - Level 4.0 Evocations


You had 9 spell levels left.
You didn't know any spells.
Your spell library was empty.

Dungeon Overview and Level Annotations

Branches:
Dungeon (1/1)

Altars:
Cheibriados
Dithmenos
Elyvilon
Fedhas
Gozag
Hepliaklqana
Kikubaaqudgha
Nemelex Xobeh
Okawaru
Qazlal
Ru
Sif Muna
Trog
Uskayaw
Vehumet
Wu Jian
Yredelemnul
Zin
The Shining One

Shops:
D =[?![=[


Innate Abilities, Weirdness & Mutations

You are very small and have problems with some larger weapons.
You are too small for most types of armour.
You have supernaturally acute eyesight. (SInv)
You cover ground extremely quickly. (Speed+++)


Message History

The centaur warrior hits you!
The centaur warrior completely misses you.
You feel much better. The centaur warrior closely misses you.
The centaur warrior kicks you.
The centaur warrior wields a +0 shortbow.
The centaur warrior shoots an arrow.
The arrow hits you! The centaur warrior hits you.
The centaur warrior completely misses you.
There is an open door, spattered with blood here.
You closely miss the centaur warrior.
The centaur warrior is moderately wounded.
You hit the centaur warrior.
The centaur warrior looks as sick as possible!
The centaur warrior is heavily wounded.
The centaur warrior completely misses you.
The centaur warrior closely misses you.
The centaur warrior shoots an arrow.
The arrow completely misses you.
You hit the centaur warrior but do no damage.
The centaur warrior is heavily wounded.
You puncture the centaur warrior!
The centaur warrior is severely wounded.
The centaur warrior completely misses you.
The centaur warrior kicks you but does no damage.
The centaur warrior shoots an arrow.
The arrow closely misses you.
You hit the centaur warrior but do no damage.
The centaur warrior looks as sick as possible!
The centaur warrior is severely wounded.
You closely miss the centaur warrior.
The centaur warrior is severely wounded.
The centaur warrior hits you!
The centaur warrior completely misses you.
The centaur warrior shoots an arrow.
The arrow hits you!!
* * * LOW HITPOINT WARNING * * *
You feel better. The centaur warrior hits you.
* * * LOW HITPOINT WARNING * * *
The centaur warrior barely misses you.
You feel better.
The centaur warrior shoots an arrow.
The arrow hits you!!
Ouch! That really hurt!
You die...
Your body crumbles into a pile of gold.

..)..#.)').#..+ $$ $
..#####'#####'# ### $ $
..####..#...#[####?[# $
$
..#__####..##.#§§§§.#$$
$ ..#_____##'#_.+§§~§.+
$
⌠⌠#_.∩..†'..._#§§§.c#$$
$ ###_..__##_.#'##c###
$$#_____###'#.#..c[###
$
###########.####@###.##
$
∩........'...'.....'[∩#
$
##''''####.).##########
$ $$ .......####.###


$$$$ ........#.#'#.# $ $$$$ ..#.....#.....# $$$$ ........#.....# $$$
.....#..####### $ ........# $ $ You could see 2 centaur warriors.

Vanquished Creatures
  Sonja (D)
  A deep troll (D)
  8 shining eyes (D)
  Sigmund (D)
  A yak (D)
  4 floating eyes (D)
  An ogre (D)
  A jelly (D)
  Ijyb (D)
  A ballistomycete spore (D)
20 creatures vanquished.

Vanquished Creatures (others)
  A ballistomycete spore (D)
1 creature vanquished.

Grand Total: 21 creatures vanquished

Notes
Turn   | Place    | Note
-------+----------+-------------------------------------------
     0 | D        | Heoruswealwe the Spriggan Artificer began the quest for the
                  | Orb.
     0 | D        | Reached XP level 1. HP: 9/9 MP: 2/2
     1 | D        | Noticed Ijyb
     4 | D        | Killed Ijyb
     5 | D        | Reached skill level 9 in Stealth
     5 | D        | Reached XP level 2. HP: 14/14 MP: 3/3
    15 | D        | Noticed an ogre
    19 | D        | Killed an ogre
    20 | D        | Reached skill level 14 in Stealth
    20 | D        | Reached XP level 3. HP: 3/17 MP: 4/4
    20 | D        | Reached XP level 4. HP: 4/21 MP: 5/5
    95 | D        | Noticed Sigmund
   103 | D        | Killed Sigmund
   104 | D        | Reached skill level 18 in Stealth
   104 | D        | Reached XP level 5. HP: 17/25 MP: 6/6
   104 | D        | Reached XP level 6. HP: 20/29 MP: 7/7
   152 | D        | Found an ornate altar of the Wu Jian Council.
   152 | D        | Found a shimmering blue altar of Sif Muna.
   154 | D        | Found a radiant altar of Vehumet.
   159 | D        | Reached skill level 19 in Stealth
   187 | D        | Found Goehash's Distillery.
   187 | D        | Found an ancient bone altar of Kikubaaqudgha.
   187 | D        | Found a hazy altar of Hepliaklqana.
   187 | D        | Found a stormy altar of Qazlal.
   187 | D        | Found a hide-covered altar of Uskayaw.
   187 | D        | Found a blossoming altar of Fedhas.
   187 | D        | Found a bloodstained altar of Trog.
   187 | D        | Found an iron altar of Okawaru.
   187 | D        | Found a basalt altar of Yredelemnul.
   187 | D        | Found a glowing golden altar of the Shining One.
   187 | D        | Found a snail-covered altar of Cheibriados.
   187 | D        | Found a sacrificial altar of Ru.
   187 | D        | Found a glowing silver altar of Zin.
   187 | D        | Found a shadowy altar of Dithmenos.
   187 | D        | Found a white marble altar of Elyvilon.
   187 | D        | Noticed a yak
   188 | D        | Found an opulent altar of Gozag.
   189 | D        | Killed a yak
   190 | D        | Reached skill level 21 in Stealth
   190 | D        | Found a sparkling altar of Nemelex Xobeh.
   195 | D        | Became a worshipper of Zin the Law-Giver
   195 | D        | Reached * piety under Zin
   195 | D        | Reached ** piety under Zin
   195 | D        | Reached *** piety under Zin
   195 | D        | Reached **** piety under Zin
   195 | D        | Reached ***** piety under Zin
   195 | D        | Reached ****** piety under Zin
   204 | D        | Noticed Sonja
   208 | D        | Killed Sonja
   209 | D        | Reached skill level 25 in Stealth
   209 | D        | Reached XP level 7. HP: 32/32 MP: 8/8
   209 | D        | Reached XP level 8. HP: 37/37 MP: 9/9
   223 | D        | Found Miwacs's Jewellery Boutique.
   234 | D        | Noticed a shining eye
   234 | D        | Noticed a shining eye
   234 | D        | Noticed a shining eye
   234 | D        | Noticed a shining eye
   234 | D        | Noticed a shining eye
   234 | D        | Noticed a shining eye
   237 | D        | Reached skill level 1 in Fighting
   237 | D        | Reached skill level 1 in Short Blades
   237 | D        | Noticed a shining eye
   237 | D        | Noticed a shining eye
   240 | D        | Paralysed by a floating eye for 4 turns
   249 | D        | Killed a shining eye
   249 | D        | Paralysed by a floating eye for 2 turns
   253 | D        | Killed a shining eye
   254 | D        | Reached skill level 5 in Short Blades
   259 | D        | Killed a shining eye
   260 | D        | Reached skill level 26 in Stealth
   260 | D        | Reached XP level 9. HP: 46/46 MP: 10/10
   262 | D        | Killed a shining eye
   262 | D        | Paralysed by a floating eye for 4 turns
   263 | D        | Reached skill level 5 in Fighting
   297 | D        | Killed a shining eye
   298 | D        | Reached skill level 10 in Dodging
   318 | D        | Killed a shining eye
   319 | D        | Reached skill level 27 in Stealth
   343 | D        | Killed a shining eye
   344 | D        | Reached XP level 10. HP: 53/53 MP: 11/11
   369 | D        | Killed a shining eye
   394 | D        | Fell from the grace of Zin
   394 | D        | Became a worshipper of Gozag Ym Sagoz the Greedy
   402 | D        | Noticed a deep troll
   406 | D        | Killed a deep troll
   407 | D        | Reached skill level 15 in Dodging
   417 | D        | Found Keot's Armour Emporium.
   497 | D        | Found Qeveimm's Armour Shoppe.
   497 | D        | Found Duawk's Armour Shop.
   497 | D        | Found Tyffut's Magic Scroll Emporium.
   497 | D        | Found Uxzu's Jewellery Boutique.
   550 | D        | Noticed a centaur warrior
   550 | D        | Noticed a centaur warrior
   569 | D        | Shot with an arrow by a centaur warrior

Illustrated notes

Levels and vault maps discovered:
D:        dungeon_sprint_1 [red_sonja_temple_1, red_sonja_temple_small_1]

Skill      XL: |  1  2  3  4  5  6  7  8  9 10 |
---------------+-------------------------------+-----
Stealth        | 9 14 18 25 26 27 | 27.0
Fighting       | 4 6 |  6.5
Short Blades   | 6 8 |  8.5
Dodging        | 8 12 15 | 15.2
Evocations     | |  4.0

Action                     |  1- 3 |  4- 6 |  7- 9 | 10-12 || total
---------------------------+-------+-------+-------+-------++-------
  Melee: Dagger            |     1 |     4 |    75 |    38 ||   118
         Punch             |       |       |     4 |       ||     4
  Evoke: Wand              |     2 |     3 |       |       ||     5
    Use: Potion            |       |       |       |     4 ||     4
   Stab: Sleeping          |     1 |     3 |     6 |     2 ||    12
 Armour: Robe              |       |       |       |     1 ||     1
  Dodge: Dodged            |       |     2 |       |    16 ||    18
